 Dungeon Crawl Stone Soup version 0.19-a0-1686-g35356ef (webtiles) character file.

77 MistressOfTheDunes the Insei (level 4, 0/35 HPs)
             Began as a Mummy Monk on Sept 25, 2016.
             Killed by divine providence
             ... invoked by an orc priest
              (15 damage)
             ... on level 3 of the Dungeon.
             The game lasted 00:02:01 (2208 turns).

MistressOfTheDunes the Insei (Mummy Monk)           Turns: 2208, Time: 00:02:02

Health: 0/35       AC:  5    Str: 14    XL:     4   Next: 13%
Magic:  4/4        EV: 13    Int:  9    God:
Gold:   116        SH:  0    Dex: 15    Spells: 0 memorised, 3 levels left

rFire  x . .     SeeInvis .       - Unarmed
rCold  + . .     Gourm    .     (no armour)
rNeg   + + +     Faith    .     (no shield)
rPois  ∞         Spirit   .     (no helmet)
rElec  .         Dismiss  .     (no cloak)
rCorr  .         Reflect  .     i - +2 pair of gloves
MR     +....     Harm     .     d - +0 pair of boots
Stlth  ++........               (no amulet)
                                g - ring of protection from magic
                                (no ring)

@: no status effects
A: no food or potions, fire vulnerability, cold resistance 1, negative energy
resistance 3, torment resistance, unbreathing
a: no special abilities


You were on level 3 of the Dungeon.
You were not hungry.

You visited 1 branch of the dungeon, and saw 3 of its levels.

You collected 116 gold pieces.


Innate Abilities, Weirdness & Mutations

You do not eat or drink.
Your flesh is vulnerable to fire.
You are immune to poison.
Your flesh is cold resistant. (rC+)
You are immune to negative energy. (rN+++)
You are immune to unholy pain and torment.
You can survive without breathing.


   Skills:
 - Level 3.0 Fighting
 - Level 2.4 Dodging
 - Level 1.5 Stealth
 + Level 4.1 Unarmed Combat


You had 3 spell levels left.
You didn't know any spells.

Inventory:

Armour
 d - a +0 pair of boots (worn)
 i - a +2 pair of gloves (worn)
Jewellery
 g - a ring of protection from magic (right hand)
Scrolls
 a - a scroll of enchant weapon {unknown}
 b - a scroll of recharging {unknown}
 c - a scroll of teleportation {unknown}
 e - a scroll of random uselessness {unknown}
 f - a scroll of identify {unknown}
 h - a scroll of remove curse {unknown}
 j - 2 scrolls of blinking {unknown}

Dungeon Overview and Level Annotations

Branches:
Dungeon (3/15)

Altars:

.........▒.......▒▒.▒
.........▒▒†....▒▒ .▒
.........▒▒.....▒ .▒
.........▒▒..=..▒
...........[...▒
▒............▒
▒............▒
▒.......▒▒▒.▒▒
▒.▒.M.▒▒▒ .▒ ▒ ▒o▒o▒
.▒ ▒.▒.▒ .. o...▒
▒▒▒▒▒▒


You could see an orc priest and 2 orcs.


Message History

The bat closely misses you! The bat hits you!
You pummel the bat like a punching bag!
You annihilate the bat!!!
No target in view!!!
No target in view!!!
No target in view!!!
No target in view!!!
No target in view!!!
No target in view!!!
No target in view!!!
No target in view!!!
An orc comes into view! It is wielding a flail!
An orc is nearby!!!
Found 5 gold pieces!
An orc priest comes into view! It is wielding a hand axe!
The orc priest shouts!!!
The orc priest calls down the wrath of Beogh upon you!
Beogh smites you!!!
The orc shouts!!!
You hear a shout!!!
You pummel the orc priest like a punching bag!
The orc priest is lightly wounded!
The orc priest looks satisfied for a moment!
You squash the orc priest but do no damage!
The orc priest is lightly wounded!
The orc hits you with a flail!!! * * * don't die
* * * The orc priest calls down the wrath of Beogh upon you!
Beogh smites you!!! rip

Action                   |  1- 3 |  4- 6 || total
-------------------------+-------+-------++-------
Melee: Unarmed           |   155 |    15 ||   170
       Punch             |     2 |       ||     2
 Stab: Sleeping          |     6 |       ||     6
Armor: Skin              |    18 |     1 ||    19
Dodge: Dodged            |    76 |     4 ||    80

Vault maps used:
D:1:      wheals_arrival_linesprint
D:3:      first_bread

Notes
Turn   | Place    | Note
-------+----------+-------------------------------------------
     0 | D:1      | MistressOfTheDunes the Mummy Monk began the quest for the Orb.
     0 | D:1      | Reached XP level 1. HP: 18/18 MP: 1/1
   308 | D:1      | Reached XP level 2. HP: 20/24 MP: 2/2
   322 | D:1      | Reached skill level 3 in Unarmed Combat
   695 | D:1      | Reached XP level 3. HP: 26/29 MP: 3/3
  1485 | D:2      | Reached skill level 4 in Unarmed Combat
  2013 | D:3      | Reached XP level 4. HP: 20/35 MP: 4/4
  2208 | D:3      | Killed from afar by an orc priest

Vanquished Creatures
  An ooze (D:2)
  3 worms
  2 dart slugs
  A ball python (D:2)
  6 bats
  3 giant cockroaches (D:1)
  6 goblins (D:1)
  8 hobgoblins
  6 jackals
  7 kobolds
  2 quokkas (D:2)
  2 frilled lizards
  3 rats
50 creatures vanquished.
